PL
CLEVELAND BROWNS @ BOSTON PATRIOTS
08/01/2042
 
TOP OF THE 1ST
Cleveland Browns batting - Pitching for Boston Patriots : RHP Alberto López
Pitching: RHP Alberto López
Batting: RHB Roberto Vázquez 0-0: Fly out, F8 (Flyball, 8RM, EV 88.8 MPH)
Batting: RHB Meester Gobbles-Rooster 0-0: Ball
1-0: Called Strike
1-1: DOUBLE (Line Drive, 9LS, EV 90.6 MPH)
Batting: LHB Ruud van Ineveld 0-0: Fly out, F7 (Line Drive, 7, EV 108.8 MPH)
Batting: LHB Lauren Hilfiker 0-0: Ball
1-0: Foul Ball, location: 2F
1-1: Foul Ball, location: 2F
1-2: Strikes out swinging
Top of the 1st over - 0 runs, 1 hit, 0 errors, 1 left on base; Cleveland 0 - Boston 0
BOTTOM OF THE 1ST
Boston Patriots batting - Pitching for Cleveland Browns : RHP Jay Cannon
Pitching: RHP Jay Cannon
Batting: SHB Eisse van Opdorp 0-0: Ball
1-0: Foul Ball, location: 2F
1-1: Ball
2-1: Fly out, F9 (Flyball, 9LMF, EV 106.2 MPH)
Batting: LHB Juan Andrés Martí 0-0: Ball
1-0: SINGLE (Groundball, 25, EV 64.4 MPH) (infield hit)
Batting: SHB Jae-woo Ohm Pickoff Throw to First - Error! E1
Juan Andrés Martí to second
0-0: Called Strike
0-1: Ground out 4-3 (Groundball, 4, EV 76.2 MPH)
Juan Andrés Martí to third
Batting: LHB Jorge Herrera 0-0: Ball
1-0: Swinging Strike
1-1: Ball
2-1: Foul Ball, location: 2F
2-2: Strikes out swinging
Bottom of the 1st over - 0 runs, 1 hit, 1 error, 1 left on base; Cleveland 0 - Boston 0
TOP OF THE 2ND
Cleveland Browns batting - Pitching for Boston Patriots : RHP Alberto López
Batting: RHB Tom Camden 0-0: Ball
1-0: Ball
2-0: Ground out 1-3 (Groundball, 34S, EV 88.1 MPH)
Batting: SHB Jhett Larson 0-0: Ground out 4-3 (Groundball, 4, EV 103.1 MPH)
Batting: RHB Zahid Kashani 0-0: Ball
1-0: Ball
2-0: Foul Ball, location: 2F
2-1: Ball
3-1: DOUBLE (Flyball, 8LXD, EV 101.2 MPH)
Batting: LHB Bob Giles 0-0: Called Strike
0-1: Ball
1-1: Swinging Strike
1-2: Foul Ball, location: 2F
1-2: Ball
2-2: Foul Ball, location: 2F
2-2: Ball
3-2: Fly out, F5 (Popup, 5SF, EV 82.5 MPH)
Top of the 2nd over - 0 runs, 1 hit, 0 errors, 1 left on base; Cleveland 0 - Boston 0
BOTTOM OF THE 2ND
Boston Patriots batting - Pitching for Cleveland Browns : RHP Jay Cannon
Batting: LHB Tural Bishara 0-0: Ball
1-0: Ball
2-0: Fly out, F7 (Flyball, 78S, EV 87.5 MPH)
Batting: RHB Masafumi Kawaguchi 0-0: Called Strike
0-1: Ball
1-1: Ball
2-1: Ground out 6-3 (Groundball, 6, EV 91.9 MPH)
Batting: RHB Frank Ray 0-0: Ball
1-0: SINGLE (Groundball, 56, EV 110.6 MPH) (infield hit)
Batting: RHB Yu-shu Kang 0-0: Called Strike
0-1: Ball
1-1: Ball
2-1: Foul Ball, location: 2F
2-2: Ball
3-2: Base on Balls
Frank Ray to second
Batting: RHB Juan Dávila 0-0: Called Strike
0-1: Foul Ball, location: 2F
0-2: Fly out, F7 (Flyball, 7S, EV 89.4 MPH)
Bottom of the 2nd over - 0 runs, 1 hit, 0 errors, 2 left on base; Cleveland 0 - Boston 0
TOP OF THE 3RD
Cleveland Browns batting - Pitching for Boston Patriots : RHP Alberto López
Batting: LHB Luis Aranda 0-0: Fly out, F8 (Flyball, 8LD, EV 76.9 MPH)
Batting: RHB Roberto Vázquez 0-0: Called Strike
0-1: Foul Ball, location: 2F
0-2: Ball
1-2: Ball
2-2: Strikes out swinging
Batting: RHB Meester Gobbles-Rooster 0-0: Swinging Strike
0-1: Ball
1-1: Swinging Strike
1-2: Strikes out swinging
Top of the 3rd over - 0 runs, 0 hits, 0 errors, 0 left on base; Cleveland 0 - Boston 0
BOTTOM OF THE 3RD
Boston Patriots batting - Pitching for Cleveland Browns : RHP Jay Cannon
Batting: SHB Eisse van Opdorp 0-0: Called Strike
0-1: Foul Ball, location: 2F
0-2: Strikes out looking
Batting: LHB Juan Andrés Martí 0-0: Ball
1-0: SINGLE (Groundball, 6MD, EV 102.5 MPH)
Batting: SHB Jae-woo Ohm 0-0: Called Strike
0-1: Ball
1-1: Ball
Juan Andrés Martí steals 2nd base
2-1: Ground out 4-3 (Groundball, 4, EV 81.9 MPH)
Juan Andrés Martí to third
Batting: LHB Jorge Herrera 0-0: Called Strike
0-1: Foul Ball, location: 2F
0-2: Ball
1-2: Ball
2-2: Strikes out swinging
Bottom of the 3rd over - 0 runs, 1 hit, 0 errors, 1 left on base; Cleveland 0 - Boston 0
TOP OF THE 4TH
Cleveland Browns batting - Pitching for Boston Patriots : RHP Alberto López
Batting: LHB Ruud van Ineveld 0-0: Ball
1-0: Ball
2-0: Called Strike
2-1: Ball
3-1: Foul Ball, location: 2F
3-2: Foul Ball, location: 2F
3-2: Fly out, F7 (Line Drive, 7, EV 86.2 MPH)
Batting: LHB Lauren Hilfiker 0-0: Swinging Strike
0-1: Foul Ball, location: 2F
0-2: Strikes out looking
Batting: RHB Tom Camden 0-0: Ball
1-0: Called Strike
1-1: Ground out 5-3 (Groundball, 5, EV 85.0 MPH)
Top of the 4th over - 0 runs, 0 hits, 0 errors, 0 left on base; Cleveland 0 - Boston 0
BOTTOM OF THE 4TH
Boston Patriots batting - Pitching for Cleveland Browns : RHP Jay Cannon
Batting: LHB Tural Bishara 0-0: Called Strike
0-1: Ball
1-1: Fly out, F7 (Flyball, 7S, EV 90.0 MPH)
Batting: RHB Masafumi Kawaguchi 0-0: Ball
1-0: Ball
2-0: Ball
3-0: Called Strike
3-1: Base on Balls
Batting: RHB Frank Ray 0-0: Ball
1-0: Ball
2-0: Ball
3-0: Called Strike
3-1: Grounds into double play, 5-4-3 (Groundball, 56S, EV 91.2 MPH)
Bottom of the 4th over - 0 runs, 0 hits, 0 errors, 0 left on base; Cleveland 0 - Boston 0
TOP OF THE 5TH
Cleveland Browns batting - Pitching for Boston Patriots : RHP Alberto López
Batting: SHB Jhett Larson 0-0: Fly out, F8 (Line Drive, 8LD, EV 92.5 MPH)
Batting: RHB Zahid Kashani 0-0: Ball
1-0: Ball
2-0: Ball
3-0: Called Strike
3-1: Base on Balls
Batting: LHB Bob Giles 0-0: Ball
1-0: Ball
2-0: Called Strike
2-1: Foul Ball, location: 2F
2-2: Foul Ball, location: 2F
2-2: Strikes out looking
Batting: LHB Luis Aranda 0-0: Called Strike
0-1: Foul Ball, location: 2F
0-2: Ball
1-2: Foul Ball, location: 2F
1-2: Strikes out swinging
Top of the 5th over - 0 runs, 0 hits, 0 errors, 1 left on base; Cleveland 0 - Boston 0
BOTTOM OF THE 5TH
Boston Patriots batting - Pitching for Cleveland Browns : RHP Jay Cannon
Batting: RHB Yu-shu Kang 0-0: Ball
1-0: Ball
2-0: Ball
3-0: Foul Ball, location: 2F
3-1: Base on Balls
Batting: RHB Juan Dávila 0-0: Called Strike
0-1: Fly out, F8 (Flyball, 8LXD, EV 88.1 MPH)
Batting: SHB Eisse van Opdorp 0-0: Foul Ball, location: 2F
0-1: Ball
1-1: Ball
2-1: Foul Ball, location: 2F
2-2: Fielders Choice at 2nd, 3-6 (Groundball, 3, EV 106.9 MPH)
Batting: LHB Juan Andrés Martí 0-0: Ball
1-0: Called Strike
1-1: Ball
2-1: Foul Ball, location: 2F
2-2: Ball
3-2: Base on Balls
Eisse van Opdorp to second
Batting: SHB Jae-woo Ohm 0-0: Foul Ball, location: 2F
0-1: Ball
1-1: Ball
2-1: Called Strike
2-2: Foul Ball, location: 2F
2-2: Foul Ball, location: 2F
2-2: Ball
3-2: Ground out 1-3 (Groundball, 34S, EV 63.8 MPH)
Bottom of the 5th over - 0 runs, 0 hits, 0 errors, 2 left on base; Cleveland 0 - Boston 0
TOP OF THE 6TH
Cleveland Browns batting - Pitching for Boston Patriots : RHP Alberto López
Batting: RHB Roberto Vázquez 0-0: Swinging Strike
0-1: Swinging Strike
0-2: Foul Ball, location: 2F
0-2: SINGLE (Line Drive, 89S, EV 99.4 MPH)
Batting: RHB Meester Gobbles-Rooster 0-0: Called Strike
0-1: Foul Ball, location: 2F
0-2: Foul Ball, location: 2F
0-2: Ball
1-2: Ball
2-2: Grounds into double play, 6-4-3 (Groundball, 6, EV 103.1 MPH)
Batting: LHB Ruud van Ineveld 0-0: Called Strike
0-1: Swinging Strike
0-2: Strikes out looking
Top of the 6th over - 0 runs, 1 hit, 0 errors, 0 left on base; Cleveland 0 - Boston 0
BOTTOM OF THE 6TH
Boston Patriots batting - Pitching for Cleveland Browns : RHP Jay Cannon
Batting: LHB Jorge Herrera 0-0: TRIPLE (Flyball, 89XD, EV 94.4 MPH)
Batting: LHB Tural Bishara 0-0: Ball
1-0: Called Strike
1-1: Ball
2-1: Swinging Strike
2-2: Foul Ball, location: 2F
2-2: Ball
3-2: Base on Balls
Pitching: LHP Stephen Palmer
Batting: RHB Masafumi Kawaguchi 0-0: Ball
1-0: Foul Ball, location: 2F
1-1: Ball
2-1: Foul Ball, location: 2F
2-2: Foul Ball, location: 2F
2-2: Ball
3-2: Strikes out looking
Tural Bishara is caught stealing 2nd base 2-4
Batter strikes out.
Batting: RHB Frank Ray 0-0: Ball
1-0: Called Strike
1-1: Ball
2-1: Foul Ball, location: 2F
2-2: Foul Ball, location: 2F
2-2: Strikes out swinging
Bottom of the 6th over - 0 runs, 1 hit, 0 errors, 1 left on base; Cleveland 0 - Boston 0
TOP OF THE 7TH
Cleveland Browns batting - Pitching for Boston Patriots : RHP Alberto López
Batting: LHB Lauren Hilfiker 0-0: Ball
1-0: Foul Ball, location: 2F
1-1: Ball
2-1: Foul Ball, location: 2F
2-2: Foul Ball, location: 2F
2-2: SINGLE (Groundball, 34, EV 103.8 MPH) (infield hit)
Batting: RHB Tom Camden 0-0: Ball
1-0: Ground out 5-3 (Groundball, 56S, EV 63.1 MPH)
Lauren Hilfiker to second
Batting: SHB Jhett Larson 0-0: Ball
1-0: Fly out, F9 (Flyball, 9LD, EV 94.4 MPH)
Runner from 2nd tags up, SAFE at 3rd, no throw by RF
Batting: RHB Zahid Kashani 0-0: Fly out, F8 (Flyball, 8LM, EV 91.2 MPH)
Top of the 7th over - 0 runs, 1 hit, 0 errors, 1 left on base; Cleveland 0 - Boston 0
BOTTOM OF THE 7TH
Boston Patriots batting - Pitching for Cleveland Browns : LHP Stephen Palmer
Batting: RHB Yu-shu Kang 0-0: Called Strike
0-1: Swinging Strike
0-2: Ball
1-2: Ball
2-2: Foul Ball, location: 2F
2-2: Strikes out looking
Batting: RHB Juan Dávila 0-0: Called Strike
0-1: Fly out, F1 (Line Drive, P, EV 65.6 MPH)
Batting: SHB Eisse van Opdorp 0-0: Ball
1-0: Swinging Strike
1-1: Called Strike
1-2: Strikes out swinging
Bottom of the 7th over - 0 runs, 0 hits, 0 errors, 0 left on base; Cleveland 0 - Boston 0
TOP OF THE 8TH
Cleveland Browns batting - Pitching for Boston Patriots : RHP Alberto López
Pitching: LHP Bradley Roth
Batting: LHB Bob Giles 0-0: Foul Ball, location: 2F
0-1: Swinging Strike
0-2: Foul Ball, location: 2F
0-2: Ball
1-2: Strikes out swinging
Batting: LHB Luis Aranda 0-0: Ball
1-0: Called Strike
1-1: Ball
2-1: Ball
3-1: Foul Ball, location: 2F
3-2: Fly out, F6 (Popup, 56, EV 75.0 MPH)
Batting: RHB Roberto Vázquez 0-0: Foul Ball, location: 2F
0-1: Called Strike
0-2: Ball
1-2: Ball
2-2: Ball
3-2: Strikes out swinging
Top of the 8th over - 0 runs, 0 hits, 0 errors, 0 left on base; Cleveland 0 - Boston 0
BOTTOM OF THE 8TH
Boston Patriots batting - Pitching for Cleveland Browns : LHP Stephen Palmer
Batting: LHB Juan Andrés Martí 0-0: Swinging Strike
0-1: Called Strike
0-2: Ball
1-2: Foul Ball, location: 2F
1-2: Ground out 4-3 (Groundball, 34, EV 101.9 MPH)
Batting: SHB Jae-woo Ohm 0-0: Ball
1-0: Swinging Strike
1-1: Foul Ball, location: 2F
1-2: Ball
2-2: SINGLE (Groundball, 6D, EV 97.5 MPH)
Pitching: LHP Nick Altrock
Batting: LHB Jorge Herrera 0-0: Called Strike
0-1: Called Strike
0-2: Ball
1-2: Ball
2-2: Foul Ball, location: 2F
2-2: SINGLE (Line Drive, 9LM, EV 111.9 MPH)
Jae-woo Ohm to second
Pinch Runner at 2nd Jon Osterman:
Batting: LHB Tural Bishara 0-0: Ball
1-0: Fielders Choice at 2nd, 3-6 (Groundball, 3, EV 91.2 MPH)
Jon Osterman to third
Batting: RHB Masafumi Kawaguchi 0-0: Hit by Pitch
Tural Bishara to second
Batting: RHB Frank Ray 0-0: Ball
1-0: Called Strike
1-1: Swinging Strike
1-2: Strikes out swinging
Bottom of the 8th over - 0 runs, 2 hits, 0 errors, 3 left on base; Cleveland 0 - Boston 0
TOP OF THE 9TH
Cleveland Browns batting - Pitching for Boston Patriots : LHP Bradley Roth
Batting: RHB Meester Gobbles-Rooster 0-0: Called Strike
0-1: Swinging Strike
0-2: Strikes out swinging
Batting: LHB Ruud van Ineveld 0-0: Ball
1-0: Ball
2-0: Ball
3-0: Foul Ball, location: 2F
3-1: Ground out 1-3 (Groundball, 13, EV 84.4 MPH)
Batting: LHB Lauren Hilfiker 0-0: Foul Ball, location: 2F
0-1: Ball
1-1: Foul Ball, location: 2F
1-2: Ball
2-2: Strikes out looking
Top of the 9th over - 0 runs, 0 hits, 0 errors, 0 left on base; Cleveland 0 - Boston 0
BOTTOM OF THE 9TH
Boston Patriots batting - Pitching for Cleveland Browns : LHP Nick Altrock
Batting: RHB Yu-shu Kang 0-0: Ball
1-0: Called Strike
1-1: Ground out 6-3 (Groundball, 6, EV 85.6 MPH)
Batting: RHB Juan Dávila 0-0: Ground out 5-3 (Groundball, 56, EV 79.4 MPH)
Batting: SHB Eisse van Opdorp 0-0: Swinging Strike
0-1: Foul Ball, location: 2F
0-2: Ball
1-2: Ground out 5-3 (Groundball, 56, EV 90.0 MPH)
Bottom of the 9th over - 0 runs, 0 hits, 0 errors, 0 left on base; Cleveland 0 - Boston 0
TOP OF THE 10TH
Cleveland Browns batting - Pitching for Boston Patriots : LHP Bradley Roth
Batting: RHB Tom Camden 0-0: Ground out 5-3 (Groundball, 5, EV 101.2 MPH)
Batting: SHB Jhett Larson 0-0: Ball
1-0: Foul Ball, location: 2F
1-1: Swinging Strike
1-2: Fly out, F7 (Flyball, 78M, EV 90.0 MPH)
Batting: RHB Zahid Kashani 0-0: Ball
1-0: Foul Ball, location: 2F
1-1: Called Strike
1-2: Strikes out looking
Top of the 10th over - 0 runs, 0 hits, 0 errors, 0 left on base; Cleveland 0 - Boston 0
BOTTOM OF THE 10TH
Boston Patriots batting - Pitching for Cleveland Browns : LHP Nick Altrock
Pitching: RHP Dewitt Clendaniel
Batting: LHB Juan Andrés Martí 0-0: Ball
1-0: Ball
2-0: Foul Ball, location: 2F
2-1: Foul Ball, location: 2F
2-2: Ball
3-2: Fly out, F9 (Line Drive, 9, EV 85.6 MPH)
Batting: RHB Jon Osterman 0-0: Called Strike
0-1: DOUBLE (Line Drive, 5D, EV 105.0 MPH)
Batting: LHB Jorge Herrera 0-0: Intentional Walk
Batting: LHB Tural Bishara 0-0: Ball
1-0: Ball
2-0: Ball
3-0: Fly out, F9 (Flyball, 89M, EV 94.4 MPH)
Batting: RHB Masafumi Kawaguchi 0-0: Ball
1-0: Ball
2-0: Ball
3-0: Base on Balls
Jon Osterman to third
Jorge Herrera to second
Batting: RHB Frank Ray 0-0: Swinging Strike
0-1: Ball
1-1: Called Strike
1-2: Fielders Choice at 2nd, 6-4 (Groundball, 6, EV 78.8 MPH)
Bottom of the 10th over - 0 runs, 1 hit, 0 errors, 3 left on base; Cleveland 0 - Boston 0
TOP OF THE 11TH
Cleveland Browns batting - Pitching for Boston Patriots : LHP Bradley Roth
Pitching: LHP Jorge Gil
Batting: LHB Bob Giles 0-0: Called Strike
0-1: Ball
1-1: Ball
2-1: Foul Ball, location: 2F
2-2: Strikes out swinging
Batting: LHB Luis Aranda 0-0: Ball
1-0: Called Strike
1-1: Swinging Strike
1-2: Foul Ball, location: 2F
1-2: Strikes out swinging
Batting: RHB Roberto Vázquez 0-0: Ball
1-0: Swinging Strike
1-1: Ball
2-1: SINGLE (Groundball, 34D, EV 93.8 MPH)
Batting: RHB Meester Gobbles-Rooster 0-0: Ball
Roberto Vázquez is caught stealing 2nd base 2-4
Top of the 11th over - 0 runs, 1 hit, 0 errors, 0 left on base; Cleveland 0 - Boston 0
BOTTOM OF THE 11TH
Boston Patriots batting - Pitching for Cleveland Browns : RHP Dewitt Clendaniel
Pitching: RHP Damien Morin
Batting: RHB Yu-shu Kang 0-0: Foul Ball, location: 2F
0-1: Ball
1-1: Foul Ball, location: 2F
1-2: Ball
2-2: Ball
3-2: Strikes out swinging
Batting: RHB Juan Dávila 0-0: DOUBLE (Line Drive, 7LS, EV 105.6 MPH)
Batting: SHB Eisse van Opdorp 0-0: Called Strike
0-1: Called Strike
0-2: Fly out, F7 (Flyball, 7S, EV 75.6 MPH)
Batting: LHB Juan Andrés Martí 0-0: Intentional Walk
Batting: RHB Jon Osterman 0-0: Ball
1-0: Called Strike
1-1: Ball
2-1: Called Strike
2-2: Foul Ball, location: 2F
2-2: Fielders Choice at 2nd, 6-4 (Groundball, 6, EV 87.5 MPH)
Bottom of the 11th over - 0 runs, 1 hit, 0 errors, 2 left on base; Cleveland 0 - Boston 0
TOP OF THE 12TH
Cleveland Browns batting - Pitching for Boston Patriots : LHP Jorge Gil
Batting: RHB Meester Gobbles-Rooster 0-0: Foul Ball, location: 2F
0-1: Fly out, F3 (Popup, 3SF, EV 75.6 MPH)
Batting: LHB Ruud van Ineveld 0-0: Ball
1-0: Foul Ball, location: 2F
1-1: Foul Ball, location: 2F
1-2: Strikes out swinging
Batting: LHB Lauren Hilfiker 0-0: Ball
1-0: Foul Ball, location: 2F
1-1: Swinging Strike
1-2: Strikes out swinging
Top of the 12th over - 0 runs, 0 hits, 0 errors, 0 left on base; Cleveland 0 - Boston 0
BOTTOM OF THE 12TH
Boston Patriots batting - Pitching for Cleveland Browns : RHP Damien Morin
Batting: LHB Jorge Herrera 0-0: Ball
1-0: Foul Ball, location: 2F
1-1: Swinging Strike
1-2: Ball
2-2: Ground out 1-3 (Groundball, 34S, EV 84.4 MPH)
Batting: LHB Tural Bishara 0-0: Ball
1-0: Ball
2-0: Foul Ball, location: 2F
2-1: Foul Ball, location: 2F
2-2: Ball
3-2: Base on Balls
Batting: RHB Masafumi Kawaguchi 0-0: Ball
1-0: Ball
2-0: Grounds into double play, 5-4-3 (Groundball, 56, EV 83.8 MPH)
Bottom of the 12th over - 0 runs, 0 hits, 0 errors, 0 left on base; Cleveland 0 - Boston 0
TOP OF THE 13TH
Cleveland Browns batting - Pitching for Boston Patriots : LHP Jorge Gil
Batting: RHB Tom Camden 0-0: Fly out, F9 (Flyball, 9, EV 86.2 MPH)
Batting: SHB Jhett Larson 0-0: Ball
1-0: Swinging Strike
1-1: Ball
2-1: Fly out, F8 (Line Drive, 8LD, EV 109.4 MPH)
Batting: RHB Zahid Kashani 0-0: Ball
1-0: Fly out, F8 (Flyball, 8RD, EV 94.4 MPH)
Top of the 13th over - 0 runs, 0 hits, 0 errors, 0 left on base; Cleveland 0 - Boston 0
BOTTOM OF THE 13TH
Boston Patriots batting - Pitching for Cleveland Browns : RHP Damien Morin
Batting: RHB Frank Ray 0-0: Ball
1-0: Foul Ball, location: 2F
1-1: Ball
2-1: Foul Ball, location: 2F
2-2: Strikes out swinging
Batting: RHB Yu-shu Kang 0-0: SINGLE (Flyball, 89M, EV 88.8 MPH)
Pitching: RHP Lorenzo Encarnación
Batting: RHB Juan Dávila 0-0: Ball
1-0: Ball
2-0: Ball
3-0: Called Strike
3-1: Grounds into double play, 5-4-3 (Groundball, 56S, EV 84.4 MPH)
Bottom of the 13th over - 0 runs, 1 hit, 0 errors, 0 left on base; Cleveland 0 - Boston 0
TOP OF THE 14TH
Cleveland Browns batting - Pitching for Boston Patriots : LHP Jorge Gil
Batting: LHB Bob Giles 0-0: Swinging Strike
0-1: Ball
1-1: Foul Ball, location: 2F
1-2: Strikes out looking
Batting: LHB Luis Aranda 0-0: Called Strike
0-1: Ground out 3-1 (Groundball, 34, EV 94.4 MPH)
Pitching: RHP Joy-shan Men
Batting: RHB Roberto Vázquez 0-0: Called Strike
0-1: Swinging Strike
0-2: Foul Ball, location: 2F
0-2: Ball
1-2: Foul Ball, location: 2F
1-2: Ball
2-2: Foul Ball, location: 2F
2-2: Ball
3-2: Strikes out looking
Top of the 14th over - 0 runs, 0 hits, 0 errors, 0 left on base; Cleveland 0 - Boston 0
BOTTOM OF THE 14TH
Boston Patriots batting - Pitching for Cleveland Browns : RHP Lorenzo Encarnación
Batting: SHB Eisse van Opdorp 0-0: Called Strike
0-1: Ball
1-1: Ball
2-1: Fly out, F4 (Popup, 34, EV 74.4 MPH)
Batting: LHB Juan Andrés Martí 0-0: Ball
1-0: Ball
2-0: Swinging Strike
2-1: Fly out, F9 (Flyball, 9LSF, EV 88.1 MPH)
Batting: RHB Jon Osterman 0-0: Foul Ball, location: 2F
0-1: Fly out, F8 (Line Drive, 8LM, EV 86.2 MPH)
Bottom of the 14th over - 0 runs, 0 hits, 0 errors, 0 left on base; Cleveland 0 - Boston 0
TOP OF THE 15TH
Cleveland Browns batting - Pitching for Boston Patriots : RHP Joy-shan Men
Batting: RHB Meester Gobbles-Rooster 0-0: Ball
1-0: Ball
2-0: Swinging Strike
2-1: Foul Ball, location: 2F
2-2: Strikes out swinging
Batting: LHB Ruud van Ineveld 0-0: Foul Ball, location: 2F
0-1: Foul Ball, location: 2F
0-2: Foul Ball, location: 2F
0-2: Ball
1-2: Ball
2-2: Foul Ball, location: 2F
2-2: Fly out, F8 (Flyball, 89D, EV 83.8 MPH)
Pitching: RHP José Ruíz
Batting: LHB Lauren Hilfiker 0-0: Swinging Strike
0-1: Ball
1-1: Swinging Strike
1-2: Strikes out swinging
Top of the 15th over - 0 runs, 0 hits, 0 errors, 0 left on base; Cleveland 0 - Boston 0
BOTTOM OF THE 15TH
Boston Patriots batting - Pitching for Cleveland Browns : RHP Lorenzo Encarnación
Batting: LHB Jorge Herrera 0-0: Foul Ball, location: 2F
0-1: Fly out, F9 (Line Drive, 9, EV 107.5 MPH)
Batting: LHB Tural Bishara 0-0: Ball
1-0: Ball
2-0: Called Strike
2-1: Ball
3-1: SINGLE (Groundball, 34D, EV 98.8 MPH)
Pitching: RHP Elliot Roebuck
Batting: RHB Masafumi Kawaguchi 0-0: Ball
1-0: Called Strike
1-1: Grounds into double play, 6-4-3 (Groundball, 6, EV 100.6 MPH)
Bottom of the 15th over - 0 runs, 1 hit, 0 errors, 0 left on base; Cleveland 0 - Boston 0
TOP OF THE 16TH
Cleveland Browns batting - Pitching for Boston Patriots : RHP José Ruíz
Batting: RHB Tom Camden 0-0: Ball
1-0: Ball
2-0: Swinging Strike
2-1: Swinging Strike
2-2: Strikes out swinging
Batting: SHB Jhett Larson 0-0: Ball
1-0: Called Strike
1-1: Foul Ball, location: 2F
1-2: Fly out, F5 (Line Drive, 5, EV 64.4 MPH)
Batting: RHB Zahid Kashani 0-0: Ball
1-0: Foul Ball, location: 2F
1-1: Ball
2-1: Ball
3-1: Base on Balls
Batting: LHB Bob Giles 0-0: Called Strike
0-1: Called Strike
0-2: SINGLE (Groundball, 6D, EV 97.5 MPH)
Zahid Kashani to second
Batting: LHB Luis Aranda 0-0: Ball
1-0: Ball
2-0: SINGLE (Line Drive, 89S, EV 104.4 MPH)
Zahid Kashani to third
Bob Giles to second
Runner from 3rd tries for Home, SAFE, no throw by RF
Batting: RHB Roberto Vázquez 0-0: Called Strike
0-1: Called Strike
0-2: Ball
1-2: Ball
2-2: Ball
3-2: Strikes out swinging
Top of the 16th over - 1 run, 2 hits, 0 errors, 2 left on base; Cleveland 1 - Boston 0
BOTTOM OF THE 16TH
Boston Patriots batting - Pitching for Cleveland Browns : RHP Elliot Roebuck
Batting: RHB Frank Ray 0-0: Swinging Strike
0-1: Ball
1-1: Foul Ball, location: 2F
1-2: SINGLE (Line Drive, 4D, EV 97.5 MPH)
Batting: RHB Yu-shu Kang 0-0: Fly out, F8 (Flyball, 8LXD, EV 108.1 MPH)
Batting: RHB Juan Dávila 0-0: Ball
1-0: Ball
2-0: Ball
3-0: Called Strike
3-1: Foul Ball, location: 2F
3-2: Fielders Choice at 2nd, 4-6 (Groundball, 4, EV 80.0 MPH)
Batting: SHB Eisse van Opdorp 0-0: Ball
1-0: Foul Ball, location: 2F
1-1: Swinging Strike
1-2: Ball
2-2: Ball
3-2: Base on Balls
Juan Dávila to second
Batting: LHB Juan Andrés Martí 0-0: Called Strike
0-1: Ball
1-1: Ball
2-1: Foul Ball, location: 2F
2-2: Foul Ball, location: 2F
2-2: Ball
3-2: Base on Balls
Juan Dávila to third
Eisse van Opdorp to second
Batting: RHB Jon Osterman 0-0: Ball
1-0: Foul Ball, location: 2F
1-1: Reached on error, E5 (Groundball, 56S, EV 63.8 MPH)
Juan Dávila scores
Eisse van Opdorp to third
Juan Andrés Martí to second
Batting: LHB Jorge Herrera 0-0: Ball
1-0: Foul Ball, location: 2F
1-1: Ball
2-1: Foul Ball, location: 2F
2-2: Strikes out swinging
Bottom of the 16th over - 1 run, 1 hit, 1 error, 3 left on base; Cleveland 1 - Boston 1
TOP OF THE 17TH
Cleveland Browns batting - Pitching for Boston Patriots : RHP José Ruíz
Pitching: LHP Rafael Herrera
Batting: RHB Meester Gobbles-Rooster 0-0: Called Strike
0-1: Ground out 6-3 (Groundball, 6, EV 104.4 MPH)
Batting: LHB Ruud van Ineveld 0-0: Swinging Strike
0-1: Ball
1-1: Ball
2-1: Swinging Strike
2-2: Strikes out swinging
Batting: LHB Lauren Hilfiker 0-0: Ground out 5-3 (Groundball, 5, EV 85.6 MPH)
Top of the 17th over - 0 runs, 0 hits, 0 errors, 0 left on base; Cleveland 1 - Boston 1
BOTTOM OF THE 17TH
Boston Patriots batting - Pitching for Cleveland Browns : RHP Elliot Roebuck
Batting: LHB Tural Bishara 0-0: Called Strike
0-1: Ball
1-1: Foul Ball, location: 2F
1-2: Fly out, F8 (Line Drive, 8LD, EV 85.0 MPH)
Batting: RHB Masafumi Kawaguchi 0-0: Ball
1-0: Foul Ball, location: 2F
1-1: Ball
2-1: Called Strike
2-2: Foul Ball, location: 2F
2-2: Ball
3-2: DOUBLE (Flyball, 78D, EV 90.0 MPH)
Batting: RHB Frank Ray 0-0: Foul Ball, location: 2F
0-1: SINGLE (Groundball, 56D, EV 97.5 MPH)
Masafumi Kawaguchi to third
Pitching: RHP Hsiao-lou Lei
Batting: RHB Yu-shu Kang 0-0: Called Strike
0-1: Ball
1-1: Ball
2-1: Fielders Choice attempt at home, Runner SAFE. 6-2 (Groundball, 6, EV 88.8 MPH)
Friday, March 26th, 2021 - OOTP Baseball 20.8 Build 74